 Dungeon Crawl Stone Soup version 0.31-a0-150-g89dc3ad700 (webtiles) character file.

Game seed: 7250080748908105395

786 chunkyMonkey the Shield-Bearer (level 8, -15/61 HPs)
             Began as a Formicid Fighter on June 8, 2023.
             Was an Initiate of Cheibriados.
             Demolished by an orc warrior
             ... wielding a +0 glaive
              (18 damage)
             ... in a bailey.
             The game lasted 00:12:27 (5532 turns).

chunkyMonkey the Shield-Bearer (Formicid Fighter)   Turns: 5532, Time: 00:12:27

Health: -15/61     AC: 11    Str: 23    XL:     8   Next: 11%
Magic:  8/8        EV:  8    Int: 10    God:    Cheibriados [......]
Gold:   312        SH:  6    Dex: 14    Spells: 7/7 levels left

rFire   . . .        p - +1 hammer (protect)
rCold   . . .        c - +0 buckler
rNeg    . . .        k - +0 chain mail
rPois   .            (helmet unavailable)
rElec   .            (no cloak)
rCorr   .            (no gloves)
SInv    +            m - +0 pair of boots
Will    .....        (no amulet) Stlth
                     (no ring)
HPRegen 0.30/turn    (no ring)
MPRegen 0.11/turn

%: no passive effects
@: very slow
A: permanent stasis, dig shafts and tunnels, antennae 3, four strong arms
a: Dig, Renounce Religion


You were in a bailey.
You worshipped Cheibriados.
Cheibriados was noncommittal.
You visited 1 branch of the dungeon, and saw 5 of its levels.
You also visited: Bailey.

You collected 312 gold pieces.

Inventory:

Hand Weapons
 a - a +0 war axe
 n - a +3 hand axe
 o - a +4 hammer
 p - a +1 hammer of protection (weapon)
 q - a +4 scythe of pain
 s - a +0 halberd of freezing
Armour
 c - a +0 buckler (worn)
 k - a +0 chain mail (worn)
 m - a +0 pair of boots (worn)
Jewellery
 u - a ring of wizardry
Scrolls
 b - a scroll of enchant armour
 d - a scroll of magic mapping
 g - a scroll of blinking {unknown}
 h - 3 scrolls of immolation
 j - 2 scrolls of teleportation
 r - a scroll of noise {unknown}
 v - a scroll of identify
Potions
 f - a potion of attraction {unknown}
 i - a potion of magic {unknown}
 l - 2 potions of lignification {unknown}
 t - a potion of cancellation {unknown}
 w - a potion of curing {unknown}


   Skills:
 + Level 4.8 Fighting
 * Level 5.2 Axes
 + Level 4.9 Armour
 * Level 7.5 Shields
 - Level 0.1 Spellcasting
 + Level 1.1 Necromancy


You had 7 spell levels left.
You didn't know any spells.
Your spell library contained the following spells:

 Spells                   Type           Power      Damage    Failure   Level
 Beastly Appendage        Tmut           0%         N/A       94%         1
 Cigotuvi's Dreadful Rot  Necr/Pois/Air  0%         N/A       97%         2
 Wereblood                Tmut           0%         N/A       98%         2
 Call Canine Familiar     Summ           0%         N/A       100%        3
 Portal Projectile        Hex/Tloc       0%         N/A       100%        3
 Spider Form              Tmut/Pois      0%         N/A       100%        3
 Dispel Undead            Necr           2%         3d7       100%        4
 Leda's Liquefaction      Hex/Erth       0%         N/A       100%        4
 Death Channel            Necr           1%         N/A       100%        6


Dungeon Overview and Level Annotations

Branches:
Dungeon (7/15)             Bailey (1/1)
 Temple: D:4-7

Altars:
Cheibriados
Okawaru
Sif Muna
Wu Jian

Annotations:
D:3 1 runed translucent door, Crazy Yiuf
D:4 Blork the orc, Menkaure


Innate Abilities, Weirdness & Mutations

You cannot be hasted, slowed, berserked, paralysed or teleported.
You can dig through walls and to a lower floor.
You have a pair of large antennae on your head. (SInv)
Your four strong arms can wield two-handed weapons with a shield.


Message History

The orc warrior is severely wounded.
The orc warrior barely misses you. x2
You hit the orc warrior.
The orc warrior is almost dead.
You block the orc warrior's attack.
The orc warrior hits you with a +0 spear.
* * * LOW HITPOINT WARNING * * *
You hit the orc warrior.
You kill the orc warrior!
Cheibriados appreciates the change of pace.
You block the orc warrior's attack.
Your Necromancy skill increases to level 1!
You have reached level 8!
You feel clever.
You hit the orc warrior.
The orc warrior is lightly wounded.
The orc warrior hits you with a +0 glaive.
* * * LOW HITPOINT WARNING * * *
Unknown command.
You catch the helpless orc warrior completely off-guard!
You hit the orc warrior but do no damage.
The orc warrior is lightly wounded.
You aren't carrying any items that you can evoke.
Unknown command.
The orc warrior hits you with a +0 glaive!
* * * LOW HITPOINT WARNING * * *
Items here: )) [ †.
Unknown command.
You closely miss the orc warrior.
The orc warrior is lightly wounded.
You flicker for a moment.
The orc warrior barely misses you.
The orc warrior hits you but does no damage.
Unknown command.
There is an open door, spattered with blood here.
You barely miss the orc warrior.
The orc warrior is lightly wounded.
You flicker back into view.
The orc warrior hits you with a +0 glaive!!
You die...

#.......#
#.....#
##'##
#.).#
#...#
#†).#
#)))#
###o###
##...@.##
#.......#
#.......#
#.......#
#..#.#))#
#.##8##)#
#..#.#..#
#.......#
#.......#


You could see an orc warrior.

Vanquished Creatures
  Sigmund (D:3)
  2 orc warriors (Bailey)
  3 orc priests
  A gnoll bouda (D:3)
  Natasha (twice) (D:2)
  4 gnolls (D:3)
  8 adders
  2 worms (D:3)
  2 dart slugs (D:1)
  39 orcs
  4 endoplasms
  2 giant cockroaches
  5 goblins
  10 hobgoblins
  8 jackals
  8 quokkas
  3 ball pythons
  7 bats
  3 frilled lizards
  8 kobolds
  6 rats
128 creatures vanquished.

Notes
Turn   | Place    | Note
-------+----------+-------------------------------------------
     0 | D:1      | chunkyMonkey the Formicid Fighter began the quest for the
                  | Orb.
     0 | D:1      | Reached XP level 1. HP: 18/18 MP: 1/1
   124 | D:1      | Reached XP level 2. HP: 24/24 MP: 2/2
   352 | D:1      | Reached XP level 3. HP: 27/29 MP: 3/3
   484 | D:1      | Found a faded altar of an unknown god.
  1341 | D:2      | Reached XP level 4. HP: 36/36 MP: 4/4
  1526 | D:2      | Noticed Natasha
  1527 | D:2      | Reached skill level 5 in Shields
  1627 | D:2      | Killed Natasha
  1628 | D:2      | Reached XP level 5. HP: 29/42 MP: 5/5
  2381 | D:2      | Noticed Natasha
  2390 | D:2      | Killed Natasha
  3004 | D:3      | Reached XP level 6. HP: 44/44 MP: 6/6
  3150 | D:3      | Found a runed translucent door.
  3151 | D:3      | Noticed Crazy Yiuf
  3302 | D:3      | Found an ornate altar of the Wu Jian Council.
  3407 | D:3      | Noticed Sigmund
  3427 | D:3      | Killed Sigmund
  3428 | D:3      | Reached skill level 6 in Shields
  3428 | D:3      | Reached XP level 7. HP: 38/55 MP: 7/7
  4640 | D:4      | Reached skill level 7 in Shields
  5105 | D:4      | Noticed Menkaure
  5106 | D:4      | Noticed Blork the orc
  5112 | D:4      | You fall into a shaft and drop 3 floors!
  5211 | D:7      | Found a snail-covered altar of Cheibriados.
  5217 | D:7      | Found a shimmering blue altar of Sif Muna.
  5220 | D:7      | Found an iron altar of Okawaru.
  5223 | D:7      | Became a worshipper of Cheibriados the Contemplative
  5283 | D:7      | Found a flagged portal.
  5293 | Bailey   | Entered a bailey
  5419 | Bailey   | Reached skill level 5 in Axes
  5526 | Bailey   | Reached skill level 1 in Necromancy
  5526 | Bailey   | Reached XP level 8. HP: 14/61 MP: 8/8
  5528 | Bailey   | HP: 2/61 [orc warrior/+0 glaive (9)]
  5532 | Bailey   | Demolished by an orc warrior

Illustrated notes

Levels and vault maps discovered:
D:1:      dpeg_arrival_simpleton_c, layout_basic,
          shapermc_ecumenical_altar_flowoftime
D:2:      layout_rooms, interstate_on_off, minmay_small_reverse_x, uniq_natasha
D:3:      layout_basic, pdpol_wu_jian_five_deadly_venoms, uniq_sigmund,
          uniq_crazy_yiuf_cottage
D:4:      layout_basic, uniq_blork_the_orc, uniq_menkaure
D:7:      layout_gridville, fiery_altar_vehumet, grunt_temple_overflow_open,
          lemuel_mausoleum_altar_kikubaaqudgha, general_overflow_altar,
          enter_bailey_2
Bailey:   bailey_polearm_5, bailey

Skill      XL: |  1  2  3  4  5  6  7 |
---------------+----------------------+-----
Shields        | 5 6 7 |  7.5
Axes           | 3 4 5 |  5.2
Armour         | 4 |  4.9
Fighting       | 4 |  4.8
Necromancy     | 1 |  1.1
Spellcasting   | |  0.1

Action                     |  1- 3 |  4- 6 |  7- 9 || total
---------------------------+-------+-------+-------++-------
  Melee: War axe           |    98 |   166 |     5 ||   269
         Mace              |       |     6 |    64 ||    70
         Halberd           |       |       |    79 ||    79
Ability: Dig               |       |     3 |     1 ||     4
         Shaft Self        |       |       |     1 ||     1
    Use: Scroll            |       |     2 |     4 ||     6
         Potion            |       |     1 |     2 ||     3
   Stab: Invisible         |       |       |     2 ||     2
 Armour: Scale mail        |    67 |    11 |       ||    78
         Chain mail        |       |    81 |    72 ||   153
  Dodge: Dodged            |    42 |    79 |    74 ||   195
  Block: Buckler           |    21 |    40 |    61 ||   122

Table legend: (Time is in decaauts)
 A = Elapsed time spent in this place.
 B = Non-inter-level travel time spent in this place.
 C = Inter-level travel time spent in this place.
 D = Time resting spent in this place.
 E = Time spent auto-exploring this place.
 F = Levels seen in this place.
 G = Mean time per level.
                   A        B        C        D        E       F      G
               +--------+--------+--------+--------+--------+-----+--------+
         Total |   5715 |   5549 |    166 |   2172 |   2183 |   6 |  952.5 |
       Dungeon |   5444 |   5278 |    166 |   2058 |   2153 |   5 | 1088.8 |
        Bailey |    271 |    271 |      0 |    114 |     30 |   1 |  271.0 |
               +--------+--------+--------+--------+--------+-----+--------+

Top non-repeatable levels by time:
     D:3: 2154 daAuts
     D:2: 1422 daAuts
     D:1: 1088 daAuts
     D:4: 581 daAuts
  Bailey: 271 daAuts
     D:7: 197 daAuts
